 Dungeon Sprint DCSS version 0.21-a0-39-g28ea6b7 (webtiles) character file.

1558 Kidiri the Thaumaturge (level 8, -6/51 HPs)
             Began as a Deep Elf Fire Elementalist on May 31, 2017.
             Killed by triggering a spear trap (21 damage)
             ... in the Dungeon (Sprint II: "The Violet Keep of Menkaure").
             The game lasted 00:06:09 (844 turns).

Kidiri the Thaumaturge (Deep Elf Fire Elementalist)  Turns: 844, Time: 00:06:10

Health: -6/51      AC:  7    Str:  5    XL:     8   Next: 58%
Magic:  4/27       EV: 18    Int: 23    God:
Gold:   12         SH:  5    Dex: 15    Spells: 15/33 levels left

rFire    . . .     SeeInvis .   m - +2 dagger (venom)
rCold    . . .     Gourm    .   (no shield)
rNeg     + . .     Faith    .   e - +2 robe {rN+}
rPois    .         Spirit   .   (no helmet)
rElec    .         Reflect  +   (no cloak)
rCorr    .         Harm     .   (no gloves)
MR       .....     NoTele   +   j - +2 pair of boots
Stlth    ++........             l - +5 amulet of reflection
Regen    0.2/turn               (no ring)
MPRegen  0.2/turn               (no ring)

@: very slightly contaminated
A: no striking features
a: no special abilities


You were in the Dungeon.
You were not hungry.

You visited 1 branch You collected 985 gold pieces.
You spent 973 gold pieces at shops.

Inventory:

Hand Weapons
 m - a +2 dagger of venom (weapon)
Armour
 a - a +0 robe
 e - a +2 robe of positive energy (worn)
 j - a +2 pair of boots (worn)
Jewellery
 l - a +5 amulet of reflection (around neck)
Scrolls
 i - a scroll of blinking
 k - a scroll of identify
Potions
 f - a potion of haste
 h - a potion of berserk rage
Books
 b - a book of Flames

   Spells                             Type                      Level
   a - Flame Tongue                   Conjuration/Fire             1
   b - Throw Flame                    Conjuration/Fire             2
   c - Conjure Flame                  Conjuration/Fire             3
   d - Inner Flame                    Hexes/Fire                   3
   e - Sticky Flame                   Conjuration/Fire             4
   f - Fireball                       Conjuration/Fire             5
Comestibles
 c - a bread ration


   Skills:
 + Level 5.9 Fighting
 + Level 2.8 Short Blades
 + Level 5.8 Armour
 + Level 9.1 Dodging
 - Level 2.4 Stealth
 * Level 13.3 Spellcasting
 + Level 8.0 Conjurations
 + Level 8.5 Fire Magic


You had 15 spell levels left.
You knew the following spells:

 Your Spells              Type           Power        Failure   Level  Hunger
a - Flame Tongue          Conj/Fire      #####        1%          1    None
b - Throw Flame           Conj/Fire      ######       1%          2    None
c - Conjure Flame         Conj/Fire      ######..     1%          3    None
d - Inner Flame           Hex/Fire       #####...     1%          3    None
e - Sticky Flame          Conj/Fire      ######..     1%          4    None
f - Fireball              Conj/Fire      ######....   3%          5    ###....


Dungeon Overview and Level Annotations

Branches:
Dungeon (1/1)

Altars:
Cheibriados
Dithmenos
Elyvilon
Hepliaklqana
Kikubaaqudgha
Makhleb
Qazlal
Ru
Sif Muna
Trog
Uskayaw
Wu Jian
Xom
Yredelemnul
Zin
The Shining One
Beogh
Jiyva
Lugonu

Shops:
D (*:[?}?=!%:([=?!

Annotations:
D exclusion: oklob plant


Message History

The hornet stings you but does no damage.
The hornet burns!
The hornet is engulfed in blazing flames.
Casting: Sticky Flame
Confirm with . or Enter, or press ? or * to list all spells.
Aiming: Flame Tongue
Press: ? - help, Shift-Dir - straight line, f/p - hornet
Aim: a hornet (almost dead, covered in liquid flames, inner flame)
The flame tongue hits the hornet.
The hornet explodes!
The fiery explosion engulfs you!
You hear a splash.
Your Dodging skill increases to level 9!
Your Conjurations skill increases to level 8!
You are engulfed in blazing flames.
* * * LOW HITPOINT WARNING * * *
You feel better.
You start resting.
A spear shoots out and hits you!
You die...

++#+++## .......# ..
##+##..# #. #.#.##.####
+.### .###.# ...# ...# ##
#.#.####..## #..# $#
##'###.##..# +..# .#
##.##.###..# #..# c#
'.<.'##.'..####.@##c#
##.##...#....###.§§##▓▓▓
##'###.##......≈≈§§%≈≈≈≈≈≈
#.#.####≈≈.....≈#+########
..#..#≈≈≈≈≈≈≈..≈#.._._._.#
##.###≈§≈≈≈≈≈≈.≈#._._._..#
##'##≈≈≈≈≈≈≈≈≈§§#_._._._.#
≈≈≈≈≈≈≈≈≈≈≈§§§≈§#._._._._#
++#+++#≈≈≈≈§≈§≈≈#.._._._.#


There were no monsters in sight!

Vanquished Creatures
  A hornet (D)
  2 polar bears (D)
  2 hippogriffs (D)
  Menkaure (D)
  4 necrophages (D)
  A crocodile (D)
  A scorpion (D)
  4 worker ants (D)
  3 worms (D)
19 creatures vanquished.

Vanquished Creatures (others)
  A crocodile (D)
1 creature vanquished.

Grand Total: 20 creatures vanquished

Notes
Turn   | Place    | Note
-------+----------+-------------------------------------------
     0 | D        | Kidiri the Deep Elf Fire Elementalist began the quest for the Orb.
     0 | D        | Reached XP level 1. HP: 10/10 MP: 6/6
    27 | D        | Noticed Menkaure
    28 | D        | Killed Menkaure
    28 | D        | Reached skill level 1 in Fighting
    28 | D        | Reached skill level 1 in Armour
    28 | D        | Reached skill level 5 in Spellcasting
    28 | D        | Reached XP level 2. HP: 16/16 MP: 1/10
    28 | D        | Reached XP level 3. HP: 20/20 MP: 1/11
   205 | D        | Killed a crocodile
   260 | D        | Learned a level 2 spell: Throw Flame
   264 | D        | Learned a level 3 spell: Conjure Flame
   268 | D        | Learned a level 3 spell: Inner Flame
   275 | D        | Noticed a hippogriff
   275 | D        | Noticed a hippogriff
   279 | D        | Killed a hippogriff
   279 | D        | Reached skill level 5 in Dodging
   279 | D        | Reached skill level 8 in Spellcasting
   279 | D        | Reached skill level 5 in Fire Magic
   279 | D        | Reached XP level 4. HP: 28/28 MP: 5/16
   279 | D        | Reached XP level 5. HP: 32/32 MP: 5/18
   282 | D        | Killed a hippogriff
   282 | D        | Reached skill level 10 in Spellcasting
   282 | D        | Reached skill level 5 in Conjurations
   282 | D        | Reached XP level 6. HP: 24/38 MP: 3/21
   288 | D        | Learned a level 4 spell: Sticky Flame
   294 | D        | Learned a level 5 spell: Fireball
   431 | D        | Reached skill level 11 in Spellcasting
   431 | D        | Reached XP level 7. HP: 44/44 MP: 3/23
   442 | D        | Reached skill level 5 in Fighting
   576 | D        | Reached skill level 5 in Armour
   576 | D        | Reached skill level 12 in Spellcasting
   648 | D        | Noticed an orange crystal statue
   678 | D        | Found Losiho's Distillery.
   679 | D        | Found Kowarru's Jewellery Shoppe.
   680 | D        | Found Ciadghair's Weapon Emporium.
   681 | D        | Found Ecympol's Food Shoppe.
   686 | D        | Found Gofo's Distillery.
   686 | D        | Found Fiureawn's Antique Armour Emporium.
   693 | D        | Found Qieb's Book Shoppe.
   693 | D        | Found Gaumad's Jewellery Emporium.
   694 | D        | Found Nothryce's Magic Scroll Shoppe.
   694 | D        | Found Plog's Magic Scroll Shoppe.
   694 | D        | Found Uqanog's Gadget Emporium.
   698 | D        | Noticed a spiny frog
   699 | D        | Noticed a spiny frog
   699 | D        | Found Kevu's Magic Scroll Shoppe.
   699 | D        | Found Atwiz's Antique Armour Emporium.
   699 | D        | Noticed an oklob plant
   700 | D        | Noticed a great orb of eyes
   700 | D        | Found Hungoil's General Store.
   700 | D        | Found Raunas's Antique Weapon Emporium.
   700 | D        | Found Zixefuh's Book Shoppe.
   707 | D        | Noticed a manticore
   708 | D        | Noticed a manticore
   709 | D        | Noticed a manticore
   743 | D        | Bought an embroidered robe for 99 gold pieces
   743 | D        | Bought a pair of embroidered boots for 202 gold pieces
   764 | D        | Bought a scroll of identify for 20 gold pieces
   780 | D        | Bought a +5 amulet of reflection for 494 gold pieces
   793 | D        | Bought a +2 dagger of venom for 158 gold pieces
   817 | D        | Found a roughly hewn altar of Beogh.
   819 | D        | Found a hazy altar of Hepliaklqana.
   819 | D        | Found a snail-covered altar of Cheibriados.
   820 | D        | Found a stormy altar of Qazlal.
   820 | D        | Found a viscous altar of Jiyva.
   820 | D        | Found a shadowy altar of Dithmenos.
   821 | D        | Found a sacrificial altar of Ru.
   821 | D        | Found an ancient bone altar of Kikubaaqudgha.
   821 | D        | Found a white marble altar of Elyvilon.
   822 | D        | Found an ornate altar of the Wu Jian Council.
   822 | D        | Found a deep blue altar of Sif Muna.
   822 | D        | Found a corrupted altar of Lugonu.
   823 | D        | Found a shimmering altar of Xom.
   823 | D        | Found a bloodstained altar of Trog.
   823 | D        | Found a burning altar of Makhleb.
   824 | D        | Found a glowing golden altar of the Shining One.
   824 | D        | Found a basalt altar of Yredelemnul.
   824 | D        | Found a hide-covered altar of Uskayaw.
   825 | D        | Found a glowing silver altar of Zin.
   826 | D        | Noticed a yaktaur
   826 | D        | Noticed a hornet
   826 | D        | Noticed a polar bear
   828 | D        | Noticed a polar bear
   831 | D        | Killed a polar bear
   831 | D        | Reached skill level 1 in Short Blades
   831 | D        | Reached XP level 8. HP: 50/50 MP: 17/26
   835 | D        | Killed a polar bear
   835 | D        | Reached skill level 13 in Spellcasting
   839 | D        | Killed a hornet
   844 | D        | Killed by triggering a spear trap

Vault maps used:
D:        the_violet_keep_of_menkaure

Skill      XL: |  1  2  3  4  5  6  7  8 |
---------------+-------------------------+-----
Fighting       | 1 3 4 5 |  5.9
Armour         | 1 3 4 5 |  5.8
Dodging        | 3 5 6 7 8 9 |  9.1
Spellcasting   | 5 8 10 11 12 13 | 13.3
Conjurations   | 2 4 5 6 7 8 |  8.0
Fire Magic     | 4 5 6 7 8 |  8.5
Short Blades   | 1 2 |  2.8
Stealth        | |  2.4

Action                   |  1- 3 |  4- 6 |  7- 9 || total
-------------------------+-------+-------+-------++-------
Melee: Dagger            |       |       |     4 ||     4
 Cast: Flame Tongue      |    20 |    10 |    17 ||    47
       Conjure Flame     |     2 |     2 |     2 ||     6
       Inner Flame       |       |     2 |     2 ||     4
       Sticky Flame      |       |       |     5 ||     5
  Use: Potion            |     3 |       |     1 ||     4
Armor: Robe              |     1 |     1 |     5 ||     7
Dodge: Dodged            |     8 |     1 |    10 ||    19
Block: Other             |       |       |     1 ||     1
